[Event "GER-ch Youth U12w 2019"]
[Site "Willingen"]
[Date "2019.06.09"]
[Round "1.1"]
[White "Zhou, Lepu Coco"]
[Black "Sohr, Luna"]
[Result "1-0"]
[ECO "C67"]
[WhiteElo "1724"]
[BlackElo "1357"]
[Annotator "NA"]
[PlyCount "59"]
[EventDate "2019.06.07"]
[EventType "swiss"]
[EventRounds "9"]
[EventCountry "GER"]
[SourceTitle "playchess.com"]
[Source "ChessBase"]
[SourceQuality "1"]
[TimeControl "40/4500+30:900+30"]

1. e4 e5 2. Nf3 Nc6 3. Bb5 Nf6 4. O-O Nxe4 5. d4 Be7 6. d5 Nd4 7. Nxd4 exd4 8. Qxd4 Nf6 9. Bf4 a6 10. d6 cxd6 11. Bc4 O-O 12. Nc3 b5 13. Bd5 Nxd5 14. Nxd5 Bf6 15. Qb4 Be5 16. Bxe5 dxe5 17. Qd6 Bb7 18. Qxe5 Bxd5 19. Qxd5 Rc8 20. c3 d6 21. Rad1 Re8 22. Rfe1 Rxe1+ 23. Rxe1 Rc5 24. Qd4 h6 25. h3 Rc4 26. Qa7 Rc6 27. Re7 d5 28. Rxf7 Rg6 29. Re7 Qc8 30. Qd7 {[%emt 0:02:27] normal} 1-0

[Event "GER-ch Youth U12w 2019"]
[Site "Willingen"]
[Date "2019.06.09"]
[Round "1.2"]
[White "Nikolaeva, Alexandra G."]
[Black "Peglau, Charis"]
[Result "1-0"]
[ECO "B15"]
[WhiteElo "2016"]
[BlackElo "1514"]
[Annotator "NA"]
[PlyCount "169"]
[EventDate "2019.06.07"]
[EventType "swiss"]
[EventRounds "9"]
[EventCountry "GER"]
[SourceTitle "playchess.com"]
[Source "ChessBase"]
[SourceQuality "1"]
[TimeControl "40/4500+30:900+30"]

1. e4 c6 2. d4 d5 3. Nc3 dxe4 4. Nxe4 Nf6 5. Nxf6+ exf6 6. Nf3 Bd6 7. Bc4 O-O 8. Be3 Re8 9. Qd3 Qc7 10. O-O-O b5 11. Bb3 a5 12. c4 bxc4 13. Bxc4 Ba6 14. Nd2 c5 15. dxc5 Bxc5 16. Bxc5 Qxc5 17. Qd5 Qxd5 18. Bxd5 Ra7 19. b3 Rc7+ 20. Kb2 Re2 21. Rhe1 Rce7 22. Rxe2 Rxe2 23. Bf3 Rxf2 24. Kc3 Nd7 25. Ne4 Rxf3+ 26. gxf3 Nf8 27. Rd5 Be2 28. Nd2 a4 29. bxa4 Ne6 30. a5 Kf8 31. Rd6 Ke7 32. Rb6 Nc5 33. Kd4 Ne6+ 34. Ke3 Bd1 35. a6 Nc7 36. Rb7 Kd6 37. a7 Na8 38. Rb8 Nc7 39. a8=Q Nxa8 40. Rxa8 f5 41. Rb8 g5 42. Nc4+ Kc7 43. Rb1 f4+ 44. Kf2 Ba4 45. Nb6 Bc6 46. a4 Kb7 47. Nc4+ Ka7 48. a5 h5 49. Ne5 Bd5 50. Ke2 f6 51. Nd3 f5 52. Rg1 g4 53. fxg4 f3+ 54. Kf2 fxg4 55. Nf4 Bf7 56. Re1 Ka6 57. Re5 h4 58. Rg5 g3+ 59. hxg3 hxg3+ 60. Kxg3 Bc4 61. Kxf3 Bb5 62. Ne6 Bc4 63. Nc7+ Kb7 64. Rc5 Bf1 65. Ke3 Bg2 66. Kd4 Bf1 67. Kc3 Be2 68. Kd2 Bf1 69. Ke1 Bd3 70. Kf2 Be4 71. Ke3 Bg2 72. Kf4 Bf1 73. Ke5 Be2 74. Kd6 Bf3 75. a6+ Ka7 76. Ra5 Be4 77. Kc5 Bb7 78. axb7+ Kxb7 79. Ra6 Kxc7 80. Ra7+ Kb8 81. Rh7 Kc8 82. Kd6 Kb8 83. Kc6 Ka8 84. Kb6 Kb8 85. Rh8# {[%emt 0:00:12] normal} 1-0

[Event "GER-ch Youth U12w 2019"]
[Site "Willingen"]
[Date "2019.06.09"]
[Round "1.3"]
[White "Pohle, Saskia"]
[Black "von Beckh, Frieda"]
[Result "1-0"]
[ECO "B35"]
[WhiteElo "1819"]
[BlackElo "1465"]
[Annotator "NA"]
[PlyCount "75"]
[EventDate "2019.06.07"]
[EventType "swiss"]
[EventRounds "9"]
[EventCountry "GER"]
[SourceTitle "playchess.com"]
[Source "ChessBase"]
[SourceQuality "1"]
[TimeControl "40/4500+30:900+30"]

1. e4 c5 2. Nf3 Nc6 3. d4 cxd4 4. Nxd4 g6 5. Nc3 Bg7 6. Be3 Nf6 7. Bc4 O-O 8. Bb3 d6 9. f3 Bd7 10. Qd2 Nxd4 11. Bxd4 Bc6 12. O-O-O Nd7 13. Bxg7 Kxg7 14. g4 Ne5 15. Qe2 f5 16. gxf5 gxf5 17. Rhg1+ Kh8 18. Qg2 Ng6 19. Qh3 Rf6 20. exf5 Ne5 21. f4 Nf3 22. Rg3 Qf8 23. Rg8+ Qxg8 24. Bxg8 Rxg8 25. b4 a6 26. a4 b6 27. Nd5 Bxd5 28. Rxd5 Ng1 29. Qe3 Rg7 30. Rd1 Ne2+ 31. Qxe2 Rxf5 32. Qc4 Rgf7 33. Qc3+ R7f6 34. Qc8+ {[%emt 0:03:31] normal} Rf8 35. Qxa6 {[%emt 0:01:07] normal} Rxf4 {[%emt 0:00:13] normal} 36. Qxb6 Rf2 {[%emt 0:00:39] normal} 37. Qe3 R8f7 {[%emt 0:00:21] normal} 38. a5 {[%emt 0:01:39] normal} 1-0

[Event "GER-ch Youth U12w 2019"]
[Site "Willingen"]
[Date "2019.06.09"]
[Round "1.4"]
[White "Stepanjan, Marianne"]
[Black "Sereda, Yaroslava"]
[Result "0-1"]
[ECO "B13"]
[WhiteElo "1312"]
[BlackElo "1626"]
[Annotator "NA"]
[PlyCount "138"]
[EventDate "2019.06.07"]
[EventType "swiss"]
[EventRounds "9"]
[EventCountry "GER"]
[SourceTitle "playchess.com"]
[Source "ChessBase"]
[SourceQuality "1"]
[TimeControl "40/4500+30:900+30"]

1. e4 c6 2. d4 d5 3. exd5 cxd5 4. c4 Nf6 5. Nc3 Nc6 6. Nf3 Bg4 7. Be3 dxc4 8. d5 Bxf3 9. gxf3 Ne5 10. Bxc4 Nxc4 11. Qa4+ Qd7 12. Qxc4 Rc8 13. Qb3 a6 14. Rd1 b5 15. a4 bxa4 16. Nxa4 Qb5 17. Qxb5+ axb5 18. Nb6 Rb8 19. Rc1 Rd8 20. Rd1 Nd7 21. O-O Nxb6 22. Bxb6 Rb8 23. Bd4 Rd8 24. Bc3 Rg8 25. Rfe1 g6 26. d6 e6 27. Bb4 Bg7 28. b3 Kd7 29. Rc1 Rc8 30. Bc5 Rc6 31. Bb4 Rgc8 32. Rxc6 Rxc6 33. Rd1 Be5 34. Kg2 Bxd6 35. Kh3 Ke7 36. Bxd6+ Rxd6 37. Ra1 Rd3 38. Ra7+ Kf6 39. b4 Rxf3+ 40. Kg4 Rb3 41. Kf4 Rxb4+ 42. Ke3 Rb1 43. Kd2 b4 44. Rb7 b3 45. Kc3 Rc1+ 46. Kb2 Rc2+ 47. Kxb3 Rxf2 48. h4 Rf4 49. h5 Rf1 50. Kc2 g5 51. Rb3 Rh1 52. Rf3+ Kg7 53. h6+ Rxh6 54. Rg3 Kg6 55. Kd3 f5 56. Kd4 Kf6 57. Kc5 e5 58. Rd3 Ke7 59. Ra3 Rd6 60. Ra7+ Rd7 61. Ra8 Kf7 62. Rh8 Kg7 63. Rc8 g4 64. Kc6 Rf7 65. Kd6 e4 66. Ke6 f4 67. Rc5 h6 68. Ke5 f3 69. Kxe4 f2 {[%emt 0:00:00] normal} 0-1

[Event "GER-ch Youth U12w 2019"]
[Site "Willingen"]
[Date "2019.06.09"]
[Round "1.5"]
[White "Braeutigam, Katerina"]
[Black "Lieberwirth, Nele"]
[Result "1-0"]
[ECO "C40"]
[WhiteElo "1697"]
[BlackElo "1385"]
[Annotator "NA"]
[PlyCount "50"]
[EventDate "2019.06.07"]
[EventType "swiss"]
[EventRounds "9"]
[EventCountry "GER"]
[SourceTitle "playchess.com"]
[Source "ChessBase"]
[SourceQuality "1"]
[TimeControl "40/4500+30:900+30"]

1. e4 e5 2. Nf3 d5 3. exd5 e4 4. Qe2 Nf6 5. Nc3 Bf5 6. d3 Bb4 7. dxe4 Bxc3+ 8. bxc3 Bxe4 9. c4 O-O 10. h3 Re8 11. Be3 Qd6 12. Qd1 Qb4+ 13. Nd2 Nbd7 14. Rb1 Qc3 15. Rb3 Qxc2 16. Qxc2 Bxc2 17. Rxb7 a5 18. Rxc7 Rab8 19. Be2 Rb2 20. O-O Rxa2 21. Ra7 a4 22. Rc1 Rb8 23. c5 Ne5 24. d6 Nc6 25. Rc7 Nd8 {[%emt 0:03:03] normal} 1-0

[Event "GER-ch Youth U12w 2019"]
[Site "Willingen"]
[Date "2019.06.09"]
[Round "1.6"]
[White "Hoffmann, Sophia"]
[Black "Peglau, Dora"]
[Result "1-0"]
[ECO "D00"]
[WhiteElo "1347"]
[BlackElo "1336"]
[Annotator "NA"]
[PlyCount "55"]
[EventDate "2019.06.07"]
[EventType "swiss"]
[EventRounds "9"]
[EventCountry "GER"]
[SourceTitle "playchess.com"]
[Source "ChessBase"]
[SourceQuality "1"]
[TimeControl "40/4500+30:900+30"]

1. d4 d5 2. Nc3 Nf6 3. Bf4 e6 4. e3 Bd7 5. Bd3 c5 6. Nf3 Nc6 7. Nb5 Rc8 8. Bd6 c4 9. Bxf8 Kxf8 10. Be2 Qa5+ 11. Nc3 Ne4 12. O-O Nxc3 13. bxc3 Qxc3 14. Rb1 Rb8 15. Ng5 h6 16. Nh3 Nb4 17. Bh5 Ke7 18. Qg4 Rhg8 19. Qh4+ Kf8 20. Qf4 Ke7 21. e4 Rgf8 22. exd5 Nxd5 23. Qe5 Rg8 24. Rfe1 Qxc2 25. Qxd5 Bc6 26. Qc5+ Ke8 27. Qd6 Rd8 28. Rxe6# {[%emt 0:00:28] normal} 1-0

[Event "GER-ch Youth U12w 2019"]
[Site "Willingen"]
[Date "2019.06.09"]
[Round "1.7"]
[White "Roncea, Andrea-Alexandra"]
[Black "Irrgang, Natascha"]
[Result "1-0"]
[ECO "C50"]
[WhiteElo "1558"]
[BlackElo "1239"]
[Annotator "NA"]
[PlyCount "37"]
[EventDate "2019.06.07"]
[EventType "swiss"]
[EventRounds "9"]
[EventCountry "GER"]
[SourceTitle "playchess.com"]
[Source "ChessBase"]
[SourceQuality "1"]
[TimeControl "40/4500+30:900+30"]

1. e4 e5 2. Nf3 Nc6 3. Bc4 Nf6 4. d3 Bc5 5. Bb3 d6 6. c3 Bb6 7. O-O Ne7 8. Nbd2 c6 9. Nc4 Bc7 10. a4 a5 11. Re1 O-O 12. Ne3 Re8 13. Nf1 Ng6 14. Ng3 b6 15. d4 Bb7 16. Qc2 d5 17. exd5 Nxd5 18. dxe5 Nxe5 19. Nd4 {[%emt 0:08:07] normal} 1-0

[Event "GER-ch Youth U12w 2019"]
[Site "Willingen"]
[Date "2019.06.09"]
[Round "1.8"]
[White "Vianden, Ella"]
[Black "Fischer, Darja"]
[Result "1-0"]
[ECO "B10"]
[WhiteElo "1328"]
[BlackElo "1480"]
[Annotator "NA"]
[PlyCount "65"]
[EventDate "2019.06.07"]
[EventType "swiss"]
[EventRounds "9"]
[EventCountry "GER"]
[SourceTitle "playchess.com"]
[Source "ChessBase"]
[SourceQuality "1"]
[TimeControl "40/4500+30:900+30"]

1. e4 c6 2. Nf3 d5 3. Nc3 e6 4. Be2 Bb4 5. d3 d4 6. a3 Bxc3+ 7. bxc3 dxc3 8. O-O Ne7 9. Qe1 Qa5 10. Bb2 O-O 11. Bxc3 Qd8 12. Qd2 b6 13. Rab1 c5 14. h3 Nbc6 15. Nh2 Bb7 16. Ng4 Nd4 17. Rfe1 Ng6 18. a4 f5 19. Bxd4 Qxd4 20. Ne3 Qxa4 21. exf5 exf5 22. Bf3 Bxf3 23. gxf3 Qh4 24. Ng2 Qxh3 25. Qe3 Rae8 26. Qd2 Rxe1+ 27. Rxe1 Nh4 28. Nxh4 Qxh4 29. c3 Qh3 30. Qa2+ Kh8 31. Qf7 h6 32. Qxf8+ Kh7 33. Re7 {[%emt 0:01:08] normal} 1-0

[Event "GER-ch Youth U12w 2019"]
[Site "Willingen"]
[Date "2019.06.09"]
[Round "1.9"]
[White "Trunz, Michelle"]
[Black "Leongardt, Adel"]
[Result "1-0"]
[ECO "B06"]
[WhiteElo "1505"]
[BlackElo "1179"]
[Annotator "NA"]
[PlyCount "89"]
[EventDate "2019.06.07"]
[EventType "swiss"]
[EventRounds "9"]
[EventCountry "GER"]
[SourceTitle "playchess.com"]
[Source "ChessBase"]
[SourceQuality "1"]
[TimeControl "40/4500+30:900+30"]

1. e4 g6 2. Nc3 Bg7 3. d4 d6 4. f4 e5 5. fxe5 dxe5 6. d5 Ne7 7. Nf3 O-O 8. Bc4 Kh8 9. O-O Bg4 10. h3 Bxf3 11. Rxf3 f5 12. Qf1 Nd7 13. Bg5 fxe4 14. Rxf8+ Qxf8 15. Qxf8+ Bxf8 16. Bxe7 Bxe7 17. Nxe4 Nc5 18. Nc3 Bd6 19. b4 Nd7 20. a3 Nf6 21. Rf1 Kg7 22. g4 e4 23. g5 Nh5 24. Nxe4 Be5 25. d6 cxd6 26. Rf7+ Kh8 27. Nf6 Nxf6 28. gxf6 Rc8 29. Be6 Re8 30. Re7 Rf8 31. f7 b5 32. c4 bxc4 33. Bxc4 Kg7 34. Re8 a6 35. a4 Bc3 36. b5 Bd4+ 37. Kf1 axb5 38. axb5 h5 39. Ke2 h4 40. Kf3 g5 41. Kg4 Kf6 42. Rxf8 Ke7 43. Re8+ Kf6 44. f8=Q+ Kg6 45. Bd3# {[%emt 0:00:10] normal} 1-0

[Event "GER-ch Youth U12w 2019"]
[Site "Willingen"]
[Date "2019.06.09"]
[Round "2.1"]
[White "Labuda, Annika"]
[Black "Zhou, Lepu Coco"]
[Result "0-1"]
[ECO "C47"]
[WhiteElo "1251"]
[BlackElo "1724"]
[Annotator "NA"]
[PlyCount "73"]
[EventDate "2019.06.07"]
[EventType "swiss"]
[EventRounds "9"]
[EventCountry "GER"]
[SourceTitle "playchess.com"]
[Source "ChessBase"]
[SourceQuality "1"]
[TimeControl "40/4500+30:900+30"]

1. e4 e5 2. Nf3 Nc6 3. Nc3 Nf6 4. d4 exd4 5. Nxd4 Bb4 6. Nxc6 bxc6 7. Bd3 d5 8. exd5 cxd5 9. O-O O-O 10. h3 Be6 11. Qf3 c6 12. Bf4 Bd6 13. Rad1 Bxf4 14. Qxf4 Qb8 15. Qxb8 Raxb8 16. b3 Nd7 17. Na4 Ne5 18. Nc5 Nxd3 19. Nxe6 fxe6 20. Rxd3 e5 21. Rc3 Rf6 22. Re3 e4 23. f3 Rbf8 24. c3 g6 25. g4 exf3 26. Kf2 c5 27. Rd3 Ra6 28. Ra1 c4 29. Rxd5 cxb3 30. Rb5 bxa2 31. Rb2 Rc6 32. Raxa2 a6 33. Ra3 Rfc8 34. Rbb3 Rf8 35. Rb4 h5 36. Re4 hxg4 37. Rxg4 {[%emt 0:03:38] normal} 0-1

[Event "GER-ch Youth U12w 2019"]
[Site "Willingen"]
[Date "2019.06.09"]
[Round "2.2"]
[White "Ramien, Hannah"]
[Black "Pohle, Saskia"]
[Result "1/2-1/2"]
[ECO "B23"]
[WhiteElo "1296"]
[BlackElo "1819"]
[Annotator "NA"]
[PlyCount "83"]
[EventDate "2019.06.07"]
[EventType "swiss"]
[EventRounds "9"]
[EventCountry "GER"]
[SourceTitle "playchess.com"]
[Source "ChessBase"]
[SourceQuality "1"]
[TimeControl "40/4500+30:900+30"]

1. e4 c5 2. Nc3 a6 3. f4 b5 4. Nf3 Bb7 5. d3 e6 6. Be2 d5 7. exd5 exd5 8. d4 Nf6 9. O-O Be7 10. Be3 Ng4 11. Qd2 Nxe3 12. Qxe3 Nc6 13. Rad1 cxd4 14. Nxd4 O-O 15. Nxc6 Bxc6 16. Bf3 d4 17. Qe2 Bxf3 18. Qxf3 Bc5 19. Kh1 Qc7 20. Ne4 Ba7 21. c3 Rad8 22. cxd4 Rxd4 23. Rxd4 Bxd4 24. Qe2 Qc6 25. Rd1 Ba7 26. Rd6 Qc1+ 27. Qd1 Qxf4 28. Rxa6 Bb8 29. Ng3 Qf2 30. Ne2 Ba7 31. Rd6 Bb6 32. Rd2 Re8 33. b3 h6 34. Rc2 Re6 35. Rc8+ Kh7 36. Rc2 f5 37. h3 f4 38. Kh2 Rg6 39. Qg1 Qh4 40. Qf1 Be3 41. a4 bxa4 42. bxa4 {[%emt 0:00:10] normal} 1/2-1/2

[Event "GER-ch Youth U12w 2019"]
[Site "Willingen"]
[Date "2019.06.09"]
[Round "2.3"]
[White "Sereda, Yaroslava"]
[Black "Hubert, Charlotte"]
[Result "1-0"]
[ECO "C42"]
[WhiteElo "1626"]
[BlackElo "1311"]
[Annotator "NA"]
[PlyCount "70"]
[EventDate "2019.06.07"]
[EventType "swiss"]
[EventRounds "9"]
[EventCountry "GER"]
[SourceTitle "playchess.com"]
[Source "ChessBase"]
[SourceQuality "1"]
[TimeControl "40/4500+30:900+30"]

1. e4 e5 2. Nf3 Nf6 3. Nxe5 d6 4. Nf3 Nxe4 5. d4 d5 6. Bd3 Be7 7. O-O Nc6 8. c4 Bf5 9. Re1 Nb4 10. Bf1 O-O 11. a3 Nc6 12. Bd3 Bf6 13. cxd5 Qxd5 14. Bxe4 Bxe4 15. Nc3 Bxf3 16. Nxd5 Bxd1 17. Nxf6+ gxf6 18. Rxd1 Rfe8 19. Be3 Rad8 20. Rac1 Rd7 21. g3 Ne7 22. Kg2 Nd5 23. Re1 Nxe3+ 24. fxe3 Rde7 25. Kf3 c6 26. b4 Rd8 27. Re2 Rd5 28. Rc5 Red7 29. Rec2 Kf8 30. a4 Rxc5 31. Rxc5 Rd5 32. a5 a6 33. Ke4 Rd6 34. Kd3 Ke7 35. e4 Kd7 {[%emt 0:01:00] normal} 1-0

[Event "GER-ch Youth U12w 2019"]
[Site "Willingen"]
[Date "2019.06.09"]
[Round "2.4"]
[White "Eichhorn, Mathilda Sophie"]
[Black "Braeutigam, Katerina"]
[Result "0-1"]
[ECO "B10"]
[WhiteElo "1452"]
[BlackElo "1697"]
[Annotator "NA"]
[PlyCount "38"]
[EventDate "2019.06.07"]
[EventType "swiss"]
[EventRounds "9"]
[EventCountry "GER"]
[SourceTitle "playchess.com"]
[Source "ChessBase"]
[SourceQuality "1"]
[TimeControl "40/4500+30:900+30"]

1. e4 c6 2. Nf3 d5 3. exd5 cxd5 4. d4 Nc6 5. Be2 Qc7 6. Nc3 Nf6 7. Be3 Bf5 8. O-O a6 9. a3 e6 10. Nd2 Bd6 11. f4 g5 12. g3 gxf4 13. Bxf4 Nxd4 14. Bxd6 Qxd6 15. Rc1 Rg8 16. Kg2 Qc6 17. Kg1 Ke7 18. Nf3 Nxe2+ 19. Qxe2 Bh3 {[%emt 0:00:50] normal} 0-1

[Event "GER-ch Youth U12w 2019"]
[Site "Willingen"]
[Date "2019.06.09"]
[Round "2.5"]
[White "Ulrich, Helena Irene"]
[Black "Roncea, Andrea-Alexandra"]
[Result "0-1"]
[ECO "C70"]
[WhiteElo "1514"]
[BlackElo "1558"]
[Annotator "NA"]
[PlyCount "36"]
[EventDate "2019.06.07"]
[EventType "swiss"]
[EventRounds "9"]
[EventCountry "GER"]
[SourceTitle "playchess.com"]
[Source "ChessBase"]
[SourceQuality "1"]
[TimeControl "40/4500+30:900+30"]

1. e4 e5 2. Nf3 Nc6 3. Bb5 a6 4. Ba4 b5 5. Bb3 Bb7 6. O-O Be7 7. c3 Nf6 8. d3 O-O 9. Nbd2 h6 10. Re1 Re8 11. Nf1 Bf8 12. Ng3 Na5 13. Bc2 c5 14. a4 Qc7 15. Nf5 d5 16. exd5 Bxd5 17. Be3 Be6 18. Ng3 Nc6 {[%emt 0:01:54] normal} 0-1

[Event "GER-ch Youth U12w 2019"]
[Site "Willingen"]
[Date "2019.06.09"]
[Round "2.6"]
[White "Glowiak, Alexandra"]
[Black "Trunz, Michelle"]
[Result "1-0"]
[ECO "B90"]
[WhiteElo "1439"]
[BlackElo "1505"]
[Annotator "NA"]
[PlyCount "105"]
[EventDate "2019.06.07"]
[EventType "swiss"]
[EventRounds "9"]
[EventCountry "GER"]
[SourceTitle "playchess.com"]
[Source "ChessBase"]
[SourceQuality "1"]
[TimeControl "40/4500+30:900+30"]

1. e4 c5 2. Nf3 d6 3. d4 cxd4 4. Nxd4 Nf6 5. Nc3 a6 6. f3 e6 7. Bg5 Be7 8. Qd2 O-O 9. O-O-O Qc7 10. Qe3 b5 11. Kb1 Bb7 12. Nb3 Nbd7 13. Be2 Rfc8 14. Rc1 b4 15. Nd1 a5 16. c3 bxc3 17. Nxc3 Qd8 18. Rhd1 a4 19. Nd4 Nxe4 20. Bxe7 Nxc3+ 21. Rxc3 Rxc3 22. Qxc3 Qxe7 23. Qc7 Bd5 24. Bb5 Rd8 25. Bxa4 Kf8 26. Nc6 Bxc6 27. Bxc6 Ne5 28. Qxe7+ Kxe7 29. Be4 d5 30. Bd3 Kd6 31. b4 Rb8 32. a3 Nxd3 33. Rxd3 e5 34. Kc2 d4 35. Rb3 Ra8 36. Kd3 f5 37. f4 g5 38. fxe5+ Kxe5 39. b5 Rb8 40. b6 Kd6 41. b7 Kc7 42. Kxd4 Rd8+ 43. Kc5 Kb8 44. Kc6 f4 45. Rb5 Rd2 46. Rxg5 Rc2+ 47. Kb6 Rb2+ 48. Ka6 Rb3 49. Rg8+ Kc7 50. Rc8+ Kd7 51. b8=Q Rxa3+ 52. Kb5 Rb3+ 53. Kc4 {[%emt 0:00:06] normal} 1-0

[Event "GER-ch Youth U12w 2019"]
[Site "Willingen"]
[Date "2019.06.09"]
[Round "2.7"]
[White "Wilmink, Anna"]
[Black "Hoffmann, Sophia"]
[Result "1-0"]
[ECO "C45"]
[WhiteElo "1466"]
[BlackElo "1347"]
[Annotator "NA"]
[PlyCount "60"]
[EventDate "2019.06.07"]
[EventType "swiss"]
[EventRounds "9"]
[EventCountry "GER"]
[SourceTitle "playchess.com"]
[Source "ChessBase"]
[SourceQuality "1"]
[TimeControl "40/4500+30:900+30"]

1. e4 e5 2. Nf3 Nc6 3. d4 exd4 4. Nxd4 Bc5 5. Be3 Qf6 6. c3 Nge7 7. Bc4 b6 8. b4 Bd6 9. Nd2 Bb7 10. N2f3 Nxd4 11. Bxd4 Qg6 12. e5 Qxg2 13. Rg1 Qxf3 14. Qxf3 Bxf3 15. exd6 cxd6 16. Rxg7 Bh5 17. Rg5 Bg6 18. Bxh8 Nf5 19. Kf1 Nh4 20. Bd5 O-O-O 21. Bf6 Bd3+ 22. Kg1 Re8 23. Rg3 Be4 24. Bxf7 Rf8 25. Rg8 Rxg8+ 26. Bxg8 Nf3+ 27. Kf1 Nxh2+ 28. Ke2 h6 29. Bh4 Kc7 30. Ke3 Bc6 {[%emt 0:01:23] normal} 1-0

[Event "GER-ch Youth U12w 2019"]
[Site "Willingen"]
[Date "2019.06.09"]
[Round "2.8"]
[White "Keymer, Cecilia"]
[Black "Vianden, Ella"]
[Result "1-0"]
[ECO "D30"]
[WhiteElo "1511"]
[BlackElo "1328"]
[Annotator "NA"]
[PlyCount "55"]
[EventDate "2019.06.07"]
[EventType "swiss"]
[EventRounds "9"]
[EventCountry "GER"]
[SourceTitle "playchess.com"]
[Source "ChessBase"]
[SourceQuality "1"]
[TimeControl "40/4500+30:900+30"]

1. d4 d5 2. c4 e6 3. Nf3 a6 4. cxd5 exd5 5. Nc3 Nf6 6. Bg5 Be6 7. e3 Nbd7 8. Bd3 Bd6 9. Qc2 c6 10. O-O Qc7 11. Bf5 O-O 12. Rab1 h6 13. Bh4 Rab8 14. b4 b5 15. Bxe6 fxe6 16. Qg6 Rb7 17. e4 dxe4 18. Nxe4 Nxe4 19. Qxe6+ Kh8 20. Qxe4 Nf6 21. Qd3 Rbb8 22. Bg3 Ng4 23. Qg6 Nf6 24. Ne5 Rbe8 25. Rfc1 Re6 26. Rxc6 Qb8 27. Qc2 Rfe8 28. h3 {[%emt 0:05:41] normal} 1-0

[Event "GER-ch Youth U12w 2019"]
[Site "Willingen"]
[Date "2019.06.09"]
[Round "2.9"]
[White "Alhassan, Jodi"]
[Black "Petrosyan, Ani"]
[Result "1/2-1/2"]
[ECO "B15"]
[WhiteElo "1108"]
[BlackElo "1378"]
[Annotator "NA"]
[PlyCount "81"]
[EventDate "2019.06.07"]
[EventType "swiss"]
[EventRounds "9"]
[EventCountry "GER"]
[SourceTitle "playchess.com"]
[Source "ChessBase"]
[SourceQuality "1"]
[TimeControl "40/4500+30:900+30"]

1. e4 c6 2. d4 d5 3. Nc3 g6 4. Nf3 Bg4 5. Be3 Bg7 6. Be2 dxe4 7. Nxe4 Nf6 8. Nxf6+ Bxf6 9. h3 Bxf3 10. Bxf3 O-O 11. O-O Qc7 12. Bh6 Rd8 13. c3 c5 14. Qb3 Nc6 15. dxc5 Na5 16. Qb4 Rac8 17. Rab1 Qxc5 18. Qxc5 Rxc5 19. Be3 Rb5 20. a4 Re5 21. Bxa7 Ra8 22. Bd4 Re6 23. Bxf6 Rxf6 24. b3 Rb6 25. Rfe1 e6 26. Be2 Rxb3 27. Rxb3 Nxb3 28. Rb1 Nc5 29. Bb5 Nxa4 30. Bxa4 Rxa4 31. Rxb7 Ra1+ 32. Kh2 Rc1 33. Rb8+ Kg7 34. Rc8 Kf6 35. Kg3 Ke5 36. f3 f5 37. Rc5+ Kd6 38. Rc8 Ke5 39. Rc5+ Kd6 40. Rc8 Ke5 41. Rc5+ {[%emt 0:15:05] normal} 1/2-1/2

[Event "GER-ch Youth U12w 2019"]
[Site "Willingen"]
[Date "2019.06.10"]
[Round "3.1"]
[White "Zhou, Lepu Coco"]
[Black "Wilmink, Anna"]
[Result "1-0"]
[ECO "B38"]
[WhiteElo "1724"]
[BlackElo "1466"]
[Annotator "NA"]
[PlyCount "63"]
[EventDate "2019.06.07"]
[EventType "swiss"]
[EventRounds "9"]
[EventCountry "GER"]
[SourceTitle "playchess.com"]
[Source "ChessBase"]
[SourceQuality "1"]
[TimeControl "40/4500+30:900+30"]

1. e4 c5 2. Nf3 Nc6 3. d4 cxd4 4. Nxd4 g6 5. c4 Bg7 6. Be3 Nf6 7. Nc3 O-O 8. Be2 d6 9. O-O Bd7 10. f3 Nxd4 11. Bxd4 Bc6 12. Qd2 Nd7 13. Bxg7 Kxg7 14. Qd4+ Kg8 15. b4 b6 16. Rac1 Rc8 17. Nd5 Bxd5 18. cxd5 Rc7 19. Bb5 Nb8 20. Qd3 Qc8 21. Qa3 f6 22. Rxc7 Qxc7 23. Rc1 Qb7 24. Bc6 Qc7 25. b5 Rc8 26. Rc4 a6 27. bxa6 Qa7 28. Qe3 Nxc6 29. Rxc6 Rxc6 30. dxc6 Qxa6 31. c7 Qb7 32. Qc3 {[%emt 0:00:13] normal} 1-0

[Event "GER-ch Youth U12w 2019"]
[Site "Willingen"]
[Date "2019.06.10"]
[Round "3.2"]
[White "Adelmeyer, Nelly"]
[Black "Sereda, Yaroslava"]
[Result "0-1"]
[ECO "B18"]
[WhiteElo "1420"]
[BlackElo "1626"]
[Annotator "NA"]
[PlyCount "79"]
[EventDate "2019.06.07"]
[EventType "swiss"]
[EventRounds "9"]
[EventCountry "GER"]
[SourceTitle "playchess.com"]
[Source "ChessBase"]
[SourceQuality "1"]
[TimeControl "40/4500+30:900+30"]

1. e4 c6 2. d4 d5 3. Nc3 dxe4 4. Nxe4 Bf5 5. Ng3 Bg6 6. Nf3 Nd7 7. Bc4 e6 8. Bf4 Ngf6 9. O-O Nd5 10. Bxd5 cxd5 11. c3 Be7 12. Qb3 Qc8 13. Ne5 Nxe5 14. Bxe5 O-O 15. Rfe1 Qd7 16. Bf4 Bd6 17. Bxd6 Qxd6 18. Re3 Rab8 19. Rae1 a6 20. Qd1 b5 21. b4 Rfc8 22. Qf3 a5 23. a3 axb4 24. axb4 Ra8 25. Qe2 Rc4 26. Qb2 Ra4 27. Ra1 Rxa1+ 28. Qxa1 Rc8 29. h3 Qc6 30. Qf1 Ra8 31. Qe2 Ra3 32. Qb2 Qa6 33. Qe2 h6 34. Qf3 Qc6 35. Kh2 Qc7 36. Kg1 Ra1+ 37. Kh2 Rc1 38. Qe2 Qc6 39. Qd2 Rc2 40. Qe1 {[%emt 0:00:18] normal} 0-1

[Event "GER-ch Youth U12w 2019"]
[Site "Willingen"]
[Date "2019.06.10"]
[Round "3.3"]
[White "Braeutigam, Katerina"]
[Black "Keymer, Cecilia"]
[Result "1-0"]
[ECO "C97"]
[WhiteElo "1697"]
[BlackElo "1511"]
[Annotator "NA"]
[PlyCount "40"]
[EventDate "2019.06.07"]
[EventType "swiss"]
[EventRounds "9"]
[EventCountry "GER"]
[SourceTitle "playchess.com"]
[Source "ChessBase"]
[SourceQuality "1"]
[TimeControl "40/4500+30:900+30"]

1. e4 e5 2. Nf3 Nc6 3. Bb5 a6 4. Ba4 Nf6 5. O-O Be7 6. Re1 b5 7. Bb3 O-O 8. h3 d6 9. c3 Na5 10. Bc2 c5 11. d4 Qc7 12. Nbd2 Bd7 13. Nf1 Nc4 14. b3 Nb6 15. Be3 Rac8 16. Rc1 Rfe8 17. Ng3 Bf8 18. Qd2 c4 19. Bb1 Bc6 20. Bg5 Nfd7 {[%emt 0:02:53] normal} 1-0

[Event "GER-ch Youth U12w 2019"]
[Site "Willingen"]
[Date "2019.06.10"]
[Round "3.4"]
[White "Roncea, Andrea-Alexandra"]
[Black "Glowiak, Alexandra"]
[Result "1-0"]
[ECO "C50"]
[WhiteElo "1558"]
[BlackElo "1439"]
[Annotator "NA"]
[PlyCount "48"]
[EventDate "2019.06.07"]
[EventType "swiss"]
[EventRounds "9"]
[EventCountry "GER"]
[SourceTitle "playchess.com"]
[Source "ChessBase"]
[SourceQuality "1"]
[TimeControl "40/4500+30:900+30"]

1. e4 e5 2. Nf3 Nc6 3. Bc4 Bc5 4. d3 Nf6 5. Bb3 d5 6. exd5 Nxd5 7. O-O Bg4 8. Re1 O-O 9. Nbd2 Re8 10. Ne4 Bb6 11. h3 Bh5 12. Ng3 Bg6 13. a3 h6 14. Ba2 a6 15. Qd2 Qd7 16. b4 Re7 17. Bb2 Rae8 18. Rad1 Nd4 19. Nxd4 exd4 20. Nf1 Qf5 21. Ng3 Rxe1+ 22. Rxe1 Rxe1+ 23. Qxe1 Qg5 24. Bc1 Qd8 {normal} 1-0